 Dungeon Crawl Stone Soup version 0.30.0-17-ge0270778cf (webtiles) character file.

Game seed: 9963108881987692494

135 GloriousHammer the Trooper (level 5, -5/54 HPs)
             Began as an Ogre Cinder Acolyte on May 21, 2023.
             Was a High Priest of Ignis.
             Slain by a gnoll
             ... wielding a +0 spear
             ... led by a gnoll bouda
              (6 damage)
             ... on level 4 of the Dungeon.
             The game lasted 00:05:41 (3199 turns).

GloriousHammer the Trooper (Ogre Cinder Acolyte)    Turns: 3199, Time: 00:05:42

Health: -5/54      AC:  3    Str: 18    XL:     5   Next: 18%
Magic:  9/9        EV:  9    Int: 17    God:    Ignis [*****.]
Gold:   111        SH:  0    Dex:  4    Spells: 8/10 levels left

rFire   + + .        a - -1 mace (flame)
rCold   + . .        (no shield)
rNeg    . . .        b - +0 robe {rC+ rF+}
rPois   +            (helmet restricted)
rElec   .            (no cloak)
rCorr   .            (gloves unavailable)
SInv    .            (boots unavailable)
Will    .....        w - amulet of magic regeneration
Stlth   +            P - ring of poison resistance
HPRegen 0.29/turn    (no ring)
MPRegen 0.51/turn

%: no passive effects
@: confused, ambrosia-drunk, weakened, attractive
A: large, unfitting armour, tough skin 1
a: Renounce Religion, Fiery Armour, Foxfire Swarm, Rising Flame


You were on level 4 of the Dungeon.
You worshipped Ignis.
Ignis was extremely pleased with you.
You visited 1 branch of the dungeon, and saw 4 of its levels.

You collected 143 gold pieces.
You spent 32 gold pieces at shops.

Inventory:

Hand Weapons
 a - a -1 mace of flaming (weapon)
Missiles
 g - a throwing net (quivered)
 v - 2 boomerangs
Armour
 b - a +0 robe of resistance (worn)
Jewellery
 w - an amulet of magic regeneration (around neck)
 P - a ring of poison resistance (left hand)
Scrolls
 h - 2 scrolls of amnesia {unknown}
 l - a scroll of immolation {unknown}
 n - a scroll of brand weapon {unknown}
 o - a scroll of torment {unknown}
 q - a scroll of silence {unknown}
 r - 2 scrolls of noise {unknown}
 s - a scroll of summoning {unknown}
 u - a scroll of enchant weapon {unknown}
 x - a scroll of teleportation {unknown}
 y - a scroll of fear {unknown}
 I - 3 scrolls of identify
Potions
 c - a potion of brilliance {unknown}
 d - 2 potions of lignification
 e - 2 potions of invisibility {unknown}
 f - a potion of curing {unknown}
 i - a potion of magic {unknown}
 j - 2 potions of attraction
 m - 2 potions of ambrosia
 p - a potion of flight {unknown}
 t - a potion of heal wounds {unknown}
 z - a potion of resistance {unknown}


   Skills:
 - Level 4.0 Fighting
 + Level 3.7 Maces & Flails
 + Level 3.2 Spellcasting
 + Level 3.6 Fire Magic


You had 8 spell levels left.
You knew the following spells:

 Your Spells              Type           Power      Damage    Failure   Level
a - Scorch                Fire           30%        2d6       6%          2

Your spell library contained the following spells:

 Spells                   Type           Power      Damage    Failure   Level


Dungeon Overview and Level Annotations

Branches:
Dungeon (4/15)
 Temple: D:4-7

Altars:

Shops:
D:1 =*


Innate Abilities, Weirdness & Mutations

You are too large for most types of armour.
You have tough skin. (AC +1)


Message History

You continue putting on your +0 robe of resistance. x4
You finish putting on your +0 robe of resistance.
You feel resistant to extremes of temperature.
Okay, then.
You start putting on your amulet.
You continue putting on your amulet of magic regeneration. x5
You finish putting on your amulet of magic regeneration.
w - an amulet of magic regeneration (around neck)
Things that are here:
a +0 dagger; 4 stones; a kobold corpse A dart slug comes into view.
Casting: Scorch (safe; 6% risk of failure)
Confirm with . or Enter, or press ? or * to list all spells.
Flames lash the dart slug.
The dart slug is almost dead.
The dart slug's fire resistance burns away.
Casting: Scorch (safe; 6% risk of failure)
Confirm with . or Enter, or press ? or * to list all spells.
Flames lash the dart slug.
The dart slug is burned terribly!
You kill the dart slug!
A hobgoblin comes into view.
The hobgoblin shouts!
A hobgoblin is nearby!
An adder comes into view.
A bat comes into view.
The adder hisses angrily.
The bat moves out of view.
Casting: Scorch (safe; 6% risk of failure)
Confirm with . or Enter, or press ? or * to list all spells.
Flames lash the hobgoblin.
You kill the hobgoblin!
Casting: Scorch (safe; 6% risk of failure)
Confirm with . or Enter, or press ? or * to list all spells.
Flames lash the bat.
You kill the bat!
The adder bites you.
Casting: Scorch (safe; 6% risk of failure)
Confirm with . or Enter, or press ? or * to list all spells.
Flames lash the adder.
The adder is moderately wounded.
The adder's fire resistance burns away.
The adder barely misses you.
Casting: Scorch (safe; 6% risk of failure)
Confirm with . or Enter, or press ? or * to list all spells.
Flames lash the adder.
The adder is burned terribly!
The adder is severely wounded.
The adder bites you but does no damage.
Casting: Scorch (safe; 6% risk of failure)
Confirm with . or Enter, or press ? or * to list all spells.
Flames lash the adder.
The adder is burned terribly!
You kill the adder!
You have reached level 5!
HP restored.
You see here an adder corpse.
A kobold comes into view. It is wielding a +0 falchion.
The kobold unwields a +0 falchion.
The kobold wields a +0 sling.
The kobold shoots a sling bullet.
The sling bullet hits you but does no damage.
A kobold is nearby!
A kobold is nearby!
The kobold shoots a sling bullet.
The sling bullet hits you.
The kobold shoots a sling bullet.
The sling bullet closely misses you.
The kobold shoots a sling bullet.
The sling bullet hits you.
Casting: Scorch (safe; 6% risk of failure)
Confirm with . or Enter, or press ? or * to list all spells.
You can't see any susceptible monsters within range! (Use Z to cast anyway.)
The kobold shoots a sling bullet.
The sling bullet hits you.
Casting: Scorch (safe; 6% risk of failure)
Confirm with . or Enter, or press ? or * to list all spells.
Flames lash the kobold.
The kobold is moderately wounded.
The kobold's fire resistance burns away.
The kobold shoots a sling bullet.
The sling bullet hits you.
Casting: Scorch (safe; 6% risk of failure)
Confirm with . or Enter, or press ? or * to list all spells.
Flames lash the kobold.
The kobold is burned terribly!
You kill the kobold!
Casting: Scorch (safe; 6% risk of failure)
Confirm with . or Enter, or press ? or * to list all spells.
You can't see any susceptible monsters within range! (Use Z to cast anyway.)
You now have 103 gold pieces (gained 6).
Things that are here:
a +0 sling; a +0 falchion Done exploring.
Done exploring.
Done exploring.
Search for what [Enter for "."]? .
(D) Dungeon
Where to? (Enter - D:3, ? - help)
You see here a +0 short sword.
There is a stone staircase leading down here.
You climb downwards.
There is a stone staircase leading up here.
A goblin comes into view. It is wielding a +0 dagger.
Found 8 gold pieces.
Found a stone staircase leading down.
Casting: Scorch (safe; 6% risk of failure)
Confirm with . or Enter, or press ? or * to list all spells.
Flames lash the goblin.
You kill the goblin!
h - 2 scrolls labelled IROK PUHUZ (gained 1)
y - a scroll labelled FOAFE ZODOS You now have 111 gold pieces (gained 8).
Found a stone staircase leading up.
There is a stone staircase leading up here.
A gnoll comes into view. It is wielding a +0 whip.
The gnoll shouts!
A gnoll comes into view. It is wielding a +0 spear.
A gnoll bouda and a gnoll come into view.
The gnoll shouts!
Casting: Scorch (safe; 6% risk of failure)
Confirm with . or Enter, or press ? or * to list all spells.
Flames lash the gnoll.
The gnoll is moderately wounded.
The gnoll's fire resistance burns away.
Casting: Scorch (safe; 6% risk of failure)
Confirm with . or Enter, or press ? or * to list all spells.
Flames lash the gnoll.
The gnoll is moderately wounded.
The gnoll's fire resistance burns away.
The gnoll barely misses you.
Casting: Scorch (safe; 6% risk of failure)
Confirm with . or Enter, or press ? or * to list all spells.
Flames lash the gnoll bouda.
The gnoll bouda is lightly wounded.
The gnoll bouda's fire resistance burns away.
The gnoll hits you with a +0 whip.
Casting: Scorch (safe; 6% risk of failure)
Confirm with . or Enter, or press ? or * to list all spells.
Flames lash the gnoll.
The gnoll is burned terribly!
The gnoll is almost dead.
The gnoll is no longer more vulnerable to fire.
The gnoll bouda gazes fiercely through you!
You feel your attacks grow feeble. The gnoll hits you with a +0 whip.
Casting: Scorch (safe; 6% risk of failure)
Confirm with . or Enter, or press ? or * to list all spells.
Flames lash the gnoll bouda but do no damage.
The gnoll bouda is no longer more vulnerable to fire.
The gnoll bouda barks out a call to the hunt!
The gnolls pick up the pace!
The gnoll closely misses you.
Casting: Scorch (safe; 6% risk of failure)
Confirm with . or Enter, or press ? or * to list all spells.
Flames lash the gnoll bouda.
The gnoll bouda is heavily wounded.
The gnoll bouda's fire resistance burns away.
The gnoll hits you with a +0 whip.
The gnoll bouda gazes fiercely through you!
You feel as though you will be weak longer.
Casting: Scorch (safe; 6% risk of failure)
Confirm with . or Enter, or press ? or * to list all spells.
You don't have enough magic to cast this spell.
Casting: Scorch (safe; 6% risk of failure)
Confirm with . or Enter, or press ? or * to list all spells.
You don't have enough magic to cast this spell.
You hit the gnoll. You burn the gnoll.
The gnoll is heavily wounded.
The gnoll hits you with a +0 whip!
You barely miss the gnoll.
The gnoll is heavily wounded.
The gnoll barely misses you.
The gnoll bouda is no longer more vulnerable to fire.
You hit the gnoll. You burn the gnoll.
You kill the gnoll!
The gnoll bouda gazes fiercely through you!
You feel as though you will be weak longer.
The gnoll is no longer more vulnerable to fire.
The gnoll hits you from afar with a +0 spear.
The gnoll bouda barely misses you.
You see here a +0 whip.
The gnoll bouda attacks as you move away!
The gnoll bouda hits you with a +0 whip!
You hit the gnoll bouda but do no damage.
The gnoll bouda is moderately wounded.
The gnoll bouda hits you with a +0 whip!
The gnoll hits you from afar with a +0 spear.
* * * LOW HITPOINT WARNING * * *
There is a stone staircase leading up here.
The gnoll bouda attacks as you move away!
The gnoll bouda hits you with a +0 whip.
* * * LOW HITPOINT WARNING * * *
The gnoll hits you from afar with a +0 spear!
* * * LOW HITPOINT WARNING * * *
It was a potion of attraction.
You feel attractive to monsters. The gnoll closely misses you.
The gnoll is attracted toward you. x2
As you read the scroll labelled DEONEVI NEGI, it crumbles to dust.
It is a scroll of identify.
d - 2 potions of lignification;
I - 3 scrolls of identify The gnoll is no longer moving quickly.
The gnoll bouda barks out a call to the hunt!
The gnoll picks up the pace!
The gnoll closely misses you.
Okay, then.
It was a potion of ambrosia.
You are confused.
You feel invigorated.
The gnoll bouda hits you with a +0 whip.
* * * LOW HITPOINT WARNING * * *
The gnoll hits you with a +0 spear.
You die...

#. #.# # ..# ... #.#
#.... #.########......
#.##@gg§.!......
#######.##g#####......
............# #...#
..#####.###.## ..#
.............###### #
..######..>.......#
###..........#.#
#.........##.#.#
##.........# .#.###


You could see a gnoll bouda and 2 gnolls.

Vanquished Creatures
  A gnoll (D:4)
  5 adders
  3 dart slugs
  8 bats
  4 endoplasms
  2 giant cockroaches
  10 goblins
  7 hobgoblins
  4 jackals (D:2)
  8 kobolds
  4 quokkas
  5 ball pythons
  7 frilled lizards
  3 rats
71 creatures vanquished.

Notes
Turn   | Place    | Note
-------+----------+-------------------------------------------
     0 | D:1      | GloriousHammer the Ogre Cinder Acolyte began the quest for
                  | the Orb.
     0 | D:1      | Reached XP level 1. HP: 24/24 MP: 2/2
    89 | D:1      | Reached XP level 2. HP: 32/32 MP: 4/4
   102 | D:1      | Learned a level 2 spell: Scorch
   112 | D:1      | Found Cuitiv's Jewellery Boutique.
   211 | D:1      | Found a faded altar of an unknown god.
   349 | D:1      | Reached XP level 3. HP: 36/39 MP: 1/6
   597 | D:1      | Found Kikenkai's Assorted Antiques.
   604 | D:1      | Bought a scroll labelled CENUAC YCAU for 32 gold pieces
  1365 | D:2      | Reached XP level 4. HP: 43/48 MP: 0/7
  3029 | D:3      | Reached XP level 5. HP: 51/54 MP: 1/9
  3196 | D:4      | HP: 1/54 [gnoll/+0 spear[a gnoll bouda] (8)]
  3199 | D:4      | Slain by a gnoll

Illustrated notes

Levels and vault maps discovered:
D:1:      nzn_arrival_settlement, layout_basic,
          ebering_ecumenical_altar_petrified, serial_shops, shop, shop,
          minmay_pentomino_s2
D:2:      layout_basic, minmay_crystal_room, chequers_mini_garden,
          reono_crystal_passage
D:3:      layout_loops_ring
D:4:      minmay_chambers_of_threes, layout_loops_ring,
          nicolae_ashenzari_skybound, kennysheep_generic_room_13, uniq_edmund

Skill      XL: |  1  2  3  4 |
---------------+-------------+-----
Maces & Flails | 3 |  3.7
Fire Magic     | 3 |  3.6
Spellcasting   | 2 3 |  3.2
Fighting       | |  4.0

Action                     |  1- 3 |  4- 6 || total
---------------------------+-------+-------++-------
  Melee: Mace              |    46 |    26 ||    72
   Cast: Scorch            |    30 |    43 ||    73
    Use: Potion            |       |     2 ||     2
         Scroll            |       |     1 ||     1
 Armour: Robe              |    33 |    20 ||    53
  Dodge: Dodged            |    45 |    31 ||    76
